 Dungeon Crawl Stone Soup version 0.31-a0-986-g5e6e4ef867 (webtiles) character file.

Game seed: 13946920956638322851

952 croobank the Covert (level 8, -5/55 HPs)
             Began as an Octopode Delver on Nov 8, 2023.
             Killed by an exploding gnoll (23 damage)
             ... ignited by their inner flame
             ... on level 4 of the Dungeon.
             The game lasted 00:10:17 (4259 turns).

croobank the Covert (Octopode Delver)               Turns: 4259, Time: 00:10:18

Health: -5/55      AC:  1    Str: 12    XL:     8   Next: 14%
Magic:  6/9        EV: 14    Int: 14    God:
Gold:   238        SH:  0    Dex: 13    Spells: 7/9 levels left

rFire   + . .        a - +0 short sword (venom)
rCold   . . .        (no shield)
rNeg    . . .        (helmet restricted)
rPois   +            (no amulet)
rElec   .            h - ring of poison resistance
rCorr   .            m - ring of protection from fire
SInv    .            (no ring)
Will    .....        (no ring)
Stlth   +++++        (no ring)
HPRegen 0.29/turn    (no ring)
MPRegen 0.11/turn    (no ring)
                     (no ring)

%: no passive effects
@: wereblooded
A: almost no armour, amphibious, 8 rings, camouflage 1, gelatinous body 1,
(nimble swimmer 1), tentacles
a: no special abilities


You were on level 4 of the Dungeon.
You visited 1 branch of the dungeon, and saw 6 of its levels.

You collected 238 gold pieces.

Inventory:

Hand Weapons
 a - a +0 short sword of venom (weapon)
 k - a +0 dagger of draining
 q - a +0 whip of draining
Missiles
 i - 10 poisoned darts (quivered)
 l - 4 curare-tipped darts
 p - 3 boomerangs
Jewellery
 h - a ring of poison resistance (left tentacle)
 m - a ring of protection from fire (right tentacle)
Wands
 f - a wand of digging (3)
 t - a wand of paralysis (5)
Scrolls
 b - 2 scrolls of fog
 c - a scroll of revelation
Potions
 d - a potion of curing
 e - a potion of haste
 g - a potion of degeneration {unknown}
 j - a potion of heal wounds {unknown}
 s - a potion of brilliance {unknown}
 u - a potion of attraction
 v - 4 potions of might {unknown}
 w - a potion of enlightenment {unknown}


   Skills:
 + Level 5.3 Fighting
 + Level 4.7 Short Blades
 + Level 4.7 Dodging
 + Level 9.1 Stealth
 + Level 1.2 Spellcasting
 + Level 1.3 Transmutations


You had 7 spell levels left.
You knew the following spells:

 Your Spells              Type           Power      Damage    Failure   Level
a - Wereblood             Tmut           4%         N/A       22%         2

Your spell library contained the following spells:

 Spells                   Type           Power      Damage    Failure   Level
 Apportation              Tloc           0%         N/A       26%         1
 Necrotise                Necr           0%         1d4       26%         1
 Summon Small Mammal      Summ           0%         N/A       26%         1
 Sublimation of Blood     Necr           0%         N/A       36%         2
 Vhi's Electric Charge    Tloc/Air       0%         N/A       95%         4
 Arcjolt                  Conj/Air       0%         1d10      100%        5
 Summon Hydra             Summ           0%         N/A       100%        7
 Maxwell's Capacitive Co  Air            0%         ∞         100%        8


Dungeon Overview and Level Annotations

Branches:
Dungeon (6/15)
 Temple: D:4-7

Altars:
Fedhas


Innate Abilities, Weirdness & Mutations

You cannot wear most types of armour.
You are amphibious.
You can wear up to eight rings at the same time.
Your skin changes colour to match your surroundings (Stealth+).
Your rubbery body absorbs attacks. (AC +1, EV +1)
((You are camouflaged when in or above water. (Stealth+)))
You have tentacles for arms and can constrict up to eight enemies at once.


Message History

Confirm with . or Enter, or press ? or * to list all spells.
You miscast Wereblood.
You are very lightly contaminated with residual magic.
Nothing appears to happen.
You start resting.
Your magical contamination has completely faded away.
Casting: Wereblood (safe; 22% risk of failure)
Confirm with . or Enter, or press ? or * to list all spells.
Your blood is infused with primal strength.
An ogre comes into view. It is wielding a +0 giant spiked club.
A gnoll comes into view. It is wielding a +0 flail.
The gnoll shouts! x3; You hear a shout!
The gnoll closely misses you. The gnoll hits you with a +0 flail!
You hit the gnoll.
The gnoll is poisoned.
You grab the gnoll.
The gnoll is moderately wounded.
You constrict the gnoll. The gnoll hits you with a +0 spear.
The gnoll hits you from afar with a +0 halberd!
The gnoll barely misses you.
You hit the gnoll.
You squeeze the gnoll, but do no damage.
The gnoll is severely wounded.
You constrict the gnoll, but do no damage.
The gnoll misses you. The gnoll closely misses you.
The gnoll hits you with a +0 flail!
You are too injured to fight recklessly!
You are too injured to fight recklessly!
You are too injured to fight recklessly!
You are too injured to fight recklessly!
You are too injured to fight recklessly!
You are too injured to fight recklessly!
As you read the scroll labelled XYRIUME CAETY, it crumbles to dust.
The creatures around you are filled with an inner flame!
It was a scroll of immolation.
You constrict the gnoll.
Flame seeps out of the gnoll.
You feel a bit better.
The gnoll explodes!
The fiery explosion engulfs the gnoll!! x2; The fiery explosion engulfs you!
You resist.
The fiery explosion engulfs the gnoll!!
You feel a bit better.
The gnoll explodes!
The fiery explosion engulfs you!! You resist.
You die...

... #..# ##.# ... O.#
#.####..# ... ..###
#......## ...
#...####......# #..
#........#....## #.#
#O# ####.....[..
#..###.# ##..#####.
#..##§§#..## #..## #.
.....§○@#..## #.## #.
##...§§§##..###.# #.
##...§§####....##
####. ###
##....................
#.##
#.###.......##.#####..
#..### #..
###.....##.# #..
##††..##... #..#....)#
#... ##.##.....#
#.#..#...###..##
#.†###..###
#..#..###..#..# #


You could see an ogre (inner flame).

Vanquished Creatures
  Grinder (D:3)
  2 ogres
  A kobold brigand (D:3)
  4 scorpions
  A wight (D:6)
  2 jellies
  7 gnolls
  5 adders
  4 worms
  A dart slug (D:1)
  10 endoplasms
  4 giant cockroaches
  6 goblins
  9 hobgoblins
  10 jackals
  A quokka (D:5)
  6 ball pythons
  6 bats
  6 frilled lizards
  11 kobolds
  13 rats
110 creatures vanquished.

Notes
Turn   | Place    | Note
-------+----------+-------------------------------------------
     0 | D:5      | croobank the Octopode Delver began the quest for the Orb.
     0 | D:5      | Reached XP level 1. HP: 16/16 MP: 1/1
    53 | D:6      | Noticed a jelly
    56 | D:6      | Killed a jelly
    57 | D:6      | Reached XP level 2. HP: 21/21 MP: 2/2
    57 | D:6      | Reached XP level 3. HP: 26/26 MP: 3/3
    60 | D:6      | Noticed an ogre
    67 | D:6      | Killed an ogre
    68 | D:6      | Reached skill level 7 in Stealth
    68 | D:6      | Reached XP level 4. HP: 33/33 MP: 4/4
    68 | D:6      | Reached XP level 5. HP: 37/37 MP: 5/5
   216 | D:6      | Reached XP level 6. HP: 31/43 MP: 6/6
   339 | D:3      | Noticed Grinder
   343 | D:3      | Paralysed by Grinder for 5 turns
   370 | D:3      | Killed Grinder
   371 | D:3      | Reached skill level 8 in Stealth
  1067 | D:3      | Reached XP level 7. HP: 48/49 MP: 7/7
  2074 | D:1      | Found a faded altar of an unknown god.
  2262 | D:2      | Found a blossoming altar of Fedhas.
  3058 | D:2      | Learned a level 2 spell: Wereblood
  3650 | D:4      | Reached skill level 5 in Fighting
  3874 | D:4      | Reached skill level 1 in Transmutations
  3987 | D:4      | Reached skill level 9 in Stealth
  3987 | D:4      | Reached skill level 1 in Spellcasting
  3987 | D:4      | Reached XP level 8. HP: 55/55 MP: 9/9
  4259 | D:4      | Killed by an exploding gnoll... ignited by their inner
                  | flame

Illustrated notes

Levels and vault maps discovered:
D:1:      dpeg_arrival_pits, layout_loops_cross,
          hellmonk_ecumenical_altar_leap_of_faith
D:2:      layout_basic, basic_altar
D:3:      cheibrodos_thug_alley, layout_basic, uniq_grinder
D:4:      black_bear_nest_2, layout_layer_cave, minmay_temple_entry_glassed_door
D:5:      layout_cave_pools, serial_column_ruins, column_ruins_hut,
          column_ruins_hut, column_ruins_grid_1, column_ruins_columns_dead_end,
          column_ruins_grid_3, column_ruins_grid_3, column_ruins_open_tiny
D:6:      layout_layer_cave, mainiacjoe_overflow_alcove_2,
          uniq_crazy_yiuf_cottage, uniq_duvessa, uniq_sigmund

Skill      XL: |  1  2  3  4  5  6  7 |
---------------+----------------------+-----
Short Blades   | 3 4 |  4.7
Dodging        | 3 4 |  4.7
Stealth        | 7 8 9 |  9.1
Fighting       | 4 5 |  5.3
Transmutations | 1 |  1.3
Spellcasting   | 1 |  1.2

Action                     |  1- 3 |  4- 6 |  7- 9 || total
---------------------------+-------+-------+-------++-------
  Melee: Short sword       |     7 |    34 |   142 ||   183
         Constrict         |     1 |     6 |    31 ||    38
         Tentacles         |     1 |    11 |    34 ||    46
         Punch             |       |       |     2 ||     2
   Cast: Wereblood         |       |       |     5 ||     5
    Use: Potion            |       |     3 |       ||     3
         Scroll            |       |     2 |     6 ||     8
   Stab: Sleeping          |     2 |     9 |    34 ||    45
         Distracted        |       |       |     1 ||     1
 Armour: Skin              |     1 |     8 |    43 ||    52
  Dodge: Dodged            |     4 |    11 |    57 ||    72

Table legend: (Time is in decaauts)
 A = Elapsed time spent in this place.
 B = Non-inter-level travel time spent in this place.
 C = Inter-level travel time spent in this place.
 D = Time resting spent in this place.
 E = Time spent auto-exploring this place.
 F = Levels seen in this place.
 G = Mean time per level.
                   A        B        C        D        E       F      G
               +--------+--------+--------+--------+--------+-----+--------+
         Total |   4200 |   4109 |     91 |    825 |   2307 |   6 |  700.0 |
       Dungeon |   4200 |   4109 |     91 |    825 |   2307 |   6 |  700.0 |
               +--------+--------+--------+--------+--------+-----+--------+

Top non-repeatable levels by time:
     D:3: 1247 daAuts
     D:2: 1008 daAuts
     D:4: 919 daAuts
     D:1: 765 daAuts
     D:5: 205 daAuts
     D:6: 54 daAuts
